 Dungeon Crawl Stone Soup version 0.20-a0-548-g4f8a798 (webtiles) character file.

938 Elitist the Digger (level 8, -8/46 HPs)
             Began as a Gargoyle Earth Elementalist on Feb 2, 2017.
             Was a Priest of Cheibriados.
             Mangled by an orc warrior
             ... wielding a +0 dire flail
              (16 damage)
             ... on level 6 of the Dungeon.
             The game lasted 00:16:47 (6174 turns).

Elitist the Digger (Gargoyle Earth Elementalist)    Turns: 6174, Time: 00:16:48

Health: -8/46      AC: 12    Str: 20    XL:     8   Next: 12%
Magic:  0/16       EV: 13    Int: 29    God:    Cheibriados [***...]
Gold:   266        SH:  0    Dex: 21    Spells: 5/18 levels left

rFire    . . .     SeeInvis .   b - staff of conjuration
rCold    . . .     Gourm    .   c - +0 robe
rNeg     + . .     Faith    .   (no shield)
rPois    ∞         Spirit   .   k - +0 helmet (curse)
rElec    +         Reflect  .   o - +2 cloak {rPois}
rCorr    .         Harm     .   q - +0 pair of gloves (curse)
MR       .....                  (no boots)
Stlth    ++........             (no amulet)
Regen    0.2/turn               (no ring)
                                y - +4 ring of dexterity

@: brilliant, very slightly contaminated, very slow
A: negative energy resistance 1, electricity resistance, unbreathing,
petrification resistance, rot immunity, AC +5
a: Bend Time, Temporal Distortion, Renounce Religion


You were on level 6 of the Dungeon.
You worshipped Cheibriados.
Cheibriados was most pleased with you.
You were hungry.

You visited 2 branches of the dungeon, and saw 7 of its levels.

You collected 266 gold pieces.

Inventory:

Hand Weapons
 a - a +0 mace
 t - a +0 flail
 C - a +0 morningstar
Missiles
 v - 129 stones (quivered)
Armour
 c - a +0 robe (worn)
 k - a cursed +0 helmet (worn)
 o - a +2 cloak of poison resistance (worn)
 q - a cursed +0 pair of gloves (worn)
Magical Staves
 b - an uncursed staff of conjuration (weapon)
Jewellery
 y - a +4 ring of dexterity (left hand)
 G - an uncursed amulet of harm
Wands
 z - a wand of lightning (4/15)
 A - a wand of lightning (8/15)
 B - a wand of flame (29/48)
Scrolls
 g - a scroll of random uselessness {unknown}
 i - a scroll of blinking {unknown}
 m - a scroll of enchant armour {unknown}
 r - 2 scrolls of remove curse
 w - a scroll of recharging {unknown}
 H - a scroll of teleportation {unknown}
Potions
 h - 2 potions of cancellation {unknown}
 j - a potion of ambrosia {unknown}
 l - a potion of flight {unknown}
 p - a potion of curing {unknown}
 s - a potion of lignification {unknown}
 E - a potion of might {unknown}
Books
 e - a book of Geomancy

   Spells                             Type                      Level
   a - Sandblast                      Earth                        1
   b - Passwall                       Transmutation/Earth          2
   c - Stone Arrow                    Conjuration/Earth            3
   d - Petrify                        Transmutation/Earth          4
   e - Lee's Rapid Deconstruction     Earth                        5
 D - a book of Misfortune

   Spells                             Type                      Level
   a - Confusing Touch                Hexes                        1
   b - Confuse                        Hexes                        3
   c - Gell's Gravitas                Hexes/Translocation          3
   d - Petrify                        Transmutation/Earth          4
   e - Metabolic Englaciation         Hexes/Ice                    5
   f - Yara's Violent Unravelling     Hexes/Transmutation          5
Comestibles
 d - 3 bread rations
 f - 3 royal jellies
 n - 3 meat rations
 u - 4 fruits
 F - 3 chunks of flesh


   Skills:
 - Level 3.1 Fighting
 - Level 1.0 Maces & Flails
 + Level 2.1 Dodging
 - Level 2.1 Stealth
 + Level 5.6 Spellcasting
 + Level 3.9 Conjurations
 - Level 0.7 Transmutations
 + Level 6.2 Earth Magic
 + Level 0.2 Invocations


You had 5 spell levels left.
You knew the following spells:

 Your Spells              Type           Power        Failure   Level  Hunger
a - Sandblast             Erth           ######       1%          1    None
b - Petrify               Tmut/Erth      #####...     2%          4    ###....
d - Lee's Rapid Deconstr  Erth           ######....   1%          5    #####..
z - Stone Arrow           Conj/Erth      ######       1%          3    None


Dungeon Overview and Level Annotations

Branches:
Dungeon (6/15)             Temple (1/1) D:5

Altars:
Cheibriados
Fedhas
Gozag
Hepliaklqana
Makhleb
Nemelex Xobeh
Okawaru
Qazlal
Ru
Sif Muna
Uskayaw
Vehumet
Xom
Zin

Shops:
D:6 (


Innate Abilities, Weirdness & Mutations

You are resistant to torment.
Your stone body is resilient. (AC +5)
You are immune to poison.
You resist negative energy. (rN+)
You are resistant to electric shocks. (rElec)
You can survive without breathing.
You are immune to petrification.
You are immune to rotting.


Message History

The orc warrior is moderately wounded.
The orc warrior hits you with a dire flail!
You hit the orc warrior but do no damage.
The orc warrior is moderately wounded.
The orc warrior hits you with a dire flail!
b - an uncursed staff of conjuration (weapon)
The orc warrior closely misses you.
Casting: Stone Arrow
Confirm with . or Enter, or press ? or * to list all spells.
Aiming: Stone Arrow
Press: ? - help, Shift-Dir - straight line, f - orc warrior
Aim: an orc warrior, wielding a dire flail and wearing a chain mail (moderately wounded)
You feel a surge of power!
You miscast Stone Arrow.
You are very lightly contaminated with residual magic.
You are showered with tiny particles of grit.
The orc warrior hits you with a dire flail!
* * * LOW HITPOINT WARNING * * *
You feel clever all of a sudden.
The orc warrior hits you with a dire flail!
You die...

#..⌠.⌠..)
#8.8.). #..).#
#...# #..##
#.###..#
#......#
#####o.#######
#@........
#.#######. #.#
#.# #.# #.#
#.# #.# #.####


You could see an orc warrior.

Vanquished Creatures
  A jelly (D:5)
  2 crimson imps (D:5)
  A centaur zombie (D:5)
  2 orc priests
  3 hounds
  2 iguanas
  7 orc wizards
  5 worker ants
  A hound zombie (D:5)
  12 adders
  3 oozes
  4 worms
  2 dart slugs
  2 leopard geckos
  27 orcs
  3 bats
  3 giant cockroaches
  7 goblins
  4 hobgoblins
  20 jackals
  2 quokkas (D:3)
  3 frilled lizards
  A giant cockroach zombie (D:5)
  10 kobolds
  A quokka zombie (D:5)
  8 rats
136 creatures vanquished.

Notes
Turn   | Place    | Note
-------+----------+-------------------------------------------
     0 | D:1      | Elitist the Gargoyle Earth Elementalist began the quest for the Orb.
     0 | D:1      | Reached XP level 1. HP: 10/10 MP: 3/3
   248 | D:1      | Reached XP level 2. HP: 14/15 MP: 5/5
   254 | D:1      | Reached skill level 4 in Earth Magic
   918 | D:1      | Reached XP level 3. HP: 17/20 MP: 6/6
  1398 | D:2      | Reached skill level 1 in Fighting
  1445 | D:2      | Reached XP level 4. HP: 17/25 MP: 8/8
  1614 | D:2      | Reached skill level 1 in Maces & Flails
  1856 | D:2      | Learned a level 3 spell: Stone Arrow
  1861 | D:2      | Learned a level 4 spell: Petrify
  2142 | D:2      | You fall through a shaft for 2 floors!
  2230 | D:4      | Reached XP level 5. HP: 30/30 MP: 6/10
  2314 | D:4      | Reached skill level 1 in Conjurations
  2479 | D:4      | Reached skill level 5 in Earth Magic
  2541 | D:4      | Reached XP level 6. HP: 13/36 MP: 4/11
  3230 | D:3      | Found a faded altar of an unknown god.
  3356 | D:3      | Became a worshipper of Cheibriados the Contemplative
  3356 | D:3      | Reached * piety under Cheibriados
  3582 | D:3      | Found a stormy altar of Qazlal.
  3792 | D:3      | Found a shimmering altar of Xom.
  3820 | D:3      | Reached XP level 7. HP: 28/40 MP: 13/13
  3979 | D:3      | Found a blossoming altar of Fedhas.
  3988 | D:3      | Learned a level 5 spell: Lee's Rapid Deconstruction
  4155 | D:3      | Reached ** piety under Cheibriados
  4709 | D:5      | Entered Level 5 of the Dungeon
  5112 | D:5      | Reached skill level 5 in Spellcasting
  5304 | D:5      | Found a staircase to the Ecumenical Temple.
  5310 | Temple   | Entered the Ecumenical Temple
  5632 | D:5      | Reached skill level 6 in Earth Magic
  6029 | D:6      | Reached XP level 8. HP: 46/46 MP: 11/16
  6095 | D:6      | Reached *** piety under Cheibriados
  6153 | D:6      | Found Suxt's Antique Weapon Emporium.
  6174 | D:6      | Mangled by an orc warrior

Vault maps used:
D:1:      erik_arrival_triangle_small, minmay_misc_feat_rows, minmay_liquid_box,
          item_on_display_a
D:2:      first_bread, kennysheep_cross_room, minmay_misc_feat_tiny
D:3:      marbit_many_paths, xom_butterflies, chequers_ecumenical_altar_island,
          nicolae_qazlal_general_emergency
D:5:      temple_green
D:6:      cheibrodos_worm_habitat, serial_shops,
          nicolae_shop_temple_entry_statues_fountains, corner_web_ring
Temple:   jpeg_temple_alley_garden

Skill      XL: |  1  2  3  4  5  6  7 |
---------------+----------------------+-----
Earth Magic    | 4 5 6 |  6.2
Fighting       | 1 2 3 |  3.1
Maces & Flails | 1 |  1.0
Spellcasting   | 3 4 5 |  5.6
Conjurations   | 1 2 3 |  3.9
Dodging        | 2 |  2.1
Stealth        | |  2.1
Transmutations | |  0.7
Invocations    | |  0.2

Action                   |  1- 3 |  4- 6 |  7- 9 || total
-------------------------+-------+-------+-------++-------
Melee: Whip              |    64 |       |       ||    64
       Mace              |    38 |   238 |   169 ||   445
       Staff             |       |     2 |     1 ||     3
Throw: Stone             |     1 |     3 |       ||     4
 Cast: Sandblast         |     8 |    17 |    18 ||    43
       Stone Arrow       |       |    11 |    13 ||    24
       Lee's Rapid Decon |       |       |     2 ||     2
  Use: Scroll            |       |     1 |     4 ||     5
       Potion            |       |       |     1 ||     1
 Stab: Sleeping          |     3 |     4 |     3 ||    10
  Eat: Chunk             |     2 |     8 |     4 ||    14
Armor: Robe              |    46 |   113 |   101 ||   260
Dodge: Dodged            |    79 |   193 |   160 ||   432
